 Dungeon Crawl Stone Soup version 0.19-b1-5-gdc9fa9d (webtiles) character file.

526342 varam the Warrior (level 26, -16/174 HPs)
             Began as a Gargoyle Fighter on Oct 30, 2016.
             Was the Champion of Okawaru.
             Killed from afar by a deep elf sorcerer (41 damage)
             ... with damnation
             ... on level 3 of the Elven Halls on Oct 31, 2016.
             The game lasted 04:57:58 (65276 turns).

varam the Warrior (Gargoyle Fighter)               Turns: 65276, Time: 04:57:59

Health: -16/174    AC: 46    Str: 22    XL:     26   Next: 6%
Magic:  30/30      EV: 18    Int: 23    God:    Okawaru [******]
Gold:   1955       SH: 27    Dex: 16    Spells: 3 memorised, 19 levels left

rFire  + + .     SeeInvis +     i - +6 broad axe (chop)
rCold  + + .     Gourm    .     h - +9 plate armour "Damneh" {Regen+ Int+3 Slay+4}
rNeg   + . .     Faith    .     e - +4 shield
rPois  ∞         Spirit   .     (no helmet)
rElec  +         Reflect  +     P - +2 cloak of the Thief {+Fog Slay-2 SInv Stlth+}
rCorr  .         Harm     .     I - +0 pair of fencer's gloves {+Riposte Dex+3}
MR     ++++.                    s - +0 pair of boots "Wizirump" {rF- Str+5 Dex+3}
Stlth  ..........               t - brooch of Shielding {Reflect SH+8}
                                Z - ring "Obroih" {rF++ Int+3 Dex-4}
                                y - ring of Lioviac {rF+ MR++}

@: corroded, flying, very slightly contaminated
A: big wings, thin metallic scales 1, thin skeletal structure 1, blink, cold
resistance 2, magic resistance 1, negative energy resistance 1, regeneration 1,
electricity resistance, weak 2, unbreathing, evolution 2, petrification
resistance, rot immunity, AC +19
a: Stop Flying, Blink, Heroism, Finesse, Renounce Religion, Evoke Fog
}: 2/15 runes: decaying, gossamer


You were on level 3 of the Elven Halls.
You worshipped Okawaru.
Okawaru was exalted by your worship.
You were hungry.

You visited 8 branches of the dungeon, and saw 43 of its levels.
You visited 1 bazaar.
You also visited: Ice Cave, Volcano and Desolation.

You collected 5562 gold pieces.
You spent 3607 gold pieces at shops.

Inventory:

Hand Weapons
 i - a +6 broad axe of chopping (weapon)
 w - a +9 eveningstar of holy wrath
 x - a +3 broad axe of electrocution
Armour
 e - a +4 shield (worn)
 h - the +9 plate armour "Damneh" (worn) {Regen+ Int+3 Slay+4}
   (You acquired it on level 1 of the Elven Halls)

   It affects your intelligence (+3).
   It affects your accuracy and damage with ranged weapons and melee attacks
   (+4).
   It increases your rate of regeneration.
 s - the +0 pair of boots "Wizirump" (worn) {rF- Str+5 Dex+3}
   (You found it on level 1 of the Spider Nest)

   It affects your strength (+5).
   It affects your dexterity (+3).
   It makes you vulnerable to fire.
 I - the +0 pair of fencer's gloves (worn) {+Riposte Dex+3}
   (Okawaru gifted it to you in the Desolation of Salt)

   It affects your dexterity (+3).
 P - the +2 cloak of the Thief (worn) {+Fog Slay-2 SInv Stlth+}
   (Okawaru gifted it to you on level 4 of the Spider Nest)

   It affects your accuracy and damage with ranged weapons and melee attacks
   (-2).
   It lets you see invisible.
   It can be evoked to emit clouds of fog.
   It makes you more stealthy.
Jewellery
 c - an uncursed ring of protection from fire
 t - the brooch of Shielding (around neck) {Reflect SH+8}
   (You took it off an orc wizard on level 10 of the Dungeon)

   [amulet of reflection]

   It shields you and reflects attacks.
   It affects your SH (+8).
 y - the ring of Lioviac (left hand) {rF+ MR++}
   (You bought it in a shop on level 2 of the Orcish Mines)

   [ring of protection from fire]

   It protects you from fire.
   It affects your resistance to hostile enchantments.
 X - the ring "Kechez" {rCorr Str+4 SInv}
   (You bought it in a shop in a bazaar)

   [ring of resist corrosion]

   It affects your strength (+4).
   It lets you see invisible.
 Z - the ring "Obroih" (right hand) {rF++ Int+3 Dex-4}
   (You took it off a ragged hierophant in the Desolation of Salt)

   [ring of intelligence]

   It affects your intelligence (+3).
   It affects your dexterity (-4).
   It greatly protects you from fire.
Wands
 k - a wand of teleportation (4/9)
 p - a wand of paralysis (15/24)
 u - a wand of hasting (6/9)
 v - a wand of iceblast (5/15)
 z - a wand of hasting (5/9)
 Q - a wand of heal wounds (7/9)
Scrolls
 f - 8 scrolls of fog
 g - 9 scrolls of fear
 l - a scroll of enchant armour
 n - 5 scrolls of identify
 q - 7 scrolls of magic mapping
 C - 13 scrolls of remove curse
 E - 3 scrolls of blinking
 F - a scroll of silence
 K - 6 scrolls of teleportation
Potions
 a - 2 potions of resistance
 b - a potion of haste
 d - 5 potions of might
 m - 16 potions of curing
 A - 4 potions of heal wounds
 D - 9 potions of agility
 Y - 5 potions of berserk rage
Miscellaneous
 r - a phial of floods
 S - a fan of gales
Comestibles
 j - 21 fruits
 o - 7 meat rations
 B - a chunk of flesh
 M - 2 beef jerkies
 N - a royal jelly
 O - 6 bread rations


   Skills:
 - Level 20.0 Fighting
 - Level 17.0(18.7) Axes
 - Level 14.8(18.4) Maces & Flails
 + Level 15.5 Armour
 - Level 18.7 Dodging
 - Level 17.0 Shields
 - Level 10.0 Charms
 - Level 6.5 Translocations
 - Level 10.0 Invocations
 - Level 9.6 Evocations


You had 19 spell levels left.
You knew the following spells:

 Your Spells              Type           Power        Failure   Level  Hunger
a - Blink                 Tloc           N/A          14%         2    ###....
b - Repel Missiles        Chrm/Air       ###...       28%         2    ###....
c - Song of Slaying       Chrm           #####...     3%          2    ###....


Dungeon Overview and Level Annotations

Branches:
Dungeon (15/15)            Temple (0/1) D:7            Lair (6/6) D:8
  Swamp (4/4) Lair:4       Spider (4/4) Lair:4        Slime (0/5) Lair:5
    Orc (2/2) D:10            Elf (3/3) Orc:2        Vaults (4/5) D:13
  Crypt (0/3) Vaults:2     Depths (5/5) D:15            Zot (0/5) Depths:5

Altars:
Cheibriados
Elyvilon
Fedhas
Gozag
Kikubaaqudgha
Okawaru
Qazlal
Ru
Sif Muna
Trog

Shops:
D:5 *   D:6 [   Orc:2 ([*=   Elf:1 ==}   Vaults:1 ??=   Depths:1 (

Portals:
Hell: Depths:1 Depths:2 Depths:3 Depths:4 Depths:5
Abyss: Depths:4 Depths:5
Pandemonium: Depths:3
Ziggurat: Depths:2
Trove: Vaults:1 (give +5 demon trident)

Annotations:
D:6 Prince Ribbit
Depths:2 exclusion: downstairs


Innate Abilities, Weirdness & Mutations

You are resistant to torment.
Your stone body is resilient. (AC +19)
You are immune to poison.
Your large and strong wings let you fly indefinitely.
You resist negative energy. (rN+)
You are resistant to electric shocks. (rElec)
You can survive without breathing.
You are immune to petrification.
You are immune to rotting.
You are partially covered in thin metallic scales. (AC +2)
You have a somewhat thin skeletal structure. (Dex +2, Stealth)
You can translocate small distances at will.
Your flesh is very cold resistant. (rC++)
You are resistant to hostile enchantments. (MR+)
Your natural rate of healing is unusually fast.
You are very weak. (Str -4)
You rapidly evolve.


Message History

The deep elf sorcerer seems less brilliant.
The deep elf sorcerer casts a spell.
The deep elf sorcerer casts a spell.
The deep elf sorcerer's eyes start to glow.
There is an open door here.
Some of the chunks of flesh in your inventory have rotted away.
You see here 3 arrows.
The deep elf sorcerer gestures at you while chanting.
The bolt of acid hits you!
* * * LOW HITPOINT WARNING * * *
You are splashed with acid!
The acid burns!
* * * LOW HITPOINT WARNING * * *
Okay, then.
You see here an arrow.
The deep elf sorcerer gestures wildly while chanting.
Things that are here:
a scimitar; a buckler The deep elf sorcerer casts a spell at you.
The sphere of damnation explodes!
The damnation engulfs you!
You die...

##........).....###......'...[#
#.####.#######.# #......#.####
#.# #.# #.# #..)...#.# #.# #.#
#.# #...(..#.# ##'## #.#
##+####(....#+## ##...###.#
##..............# #.....##.#
##....).e.......(# ......##.#
#....((.......)..#
......##.####...@)(..........#
......##....'.(.)....).......#
.....['...###............(...#
......###.# #................#
......# #.# #...............##
......# #.# #..............##
#....## #.# #.............##
##..#####.# #..........#.##
#......##.# #####'######+#


You could see a deep elf sorcerer.

Vanquished Creatures
  Mennas (Depths:4)
  A juggernaut (Depths:4)
  Bai Suzhen (Spider:4)
  Sojobo (D:15)
  Boris (twice) (Vaults:4 Depths:5)
  Margery (Depths:3)
  Frederick (Depths:5)
  7 caustic shrikes
  Nikola (Swamp:4)
  4 golden dragons
  Jory (Depths:3)
  2 bone dragons
  Arachne (Spider:2)
  Rupert (Lair:4)
  2 liches
  Jorgrun (Swamp:3)
  A tentacled monstrosity (Depths:5)
  Asterion (Depths:1)
  A titan (Depths:4)
  4 sphinxes
  A quicksilver dragon (Depths:4)
  A deep elf blademaster (Elf:2)
  Roxanne (D:15)
  A shadow dragon (Depths:4)
  3 tengu reavers
  The ghost of Cokeysmoke the Fencer, an adept MiGl (Spider:2)
  2 thorn hunters
  Kirke (D:14)
  The ghost of murphy the Commander, an adept CeHu of Okawaru (Swamp:3)
  A storm dragon (Vaults:4)
  Donald (Vaults:4)
  4 fire giants
  11 frost giants
  3 deep elf sorcerers
  3 imperial myrmidons (Desolation)
  5 ghost moths
  Aizul (Depths:1)
  A balrug (Depths:5)
  4 emperor scorpions
  8 vault wardens
  A draconian annihilator (Depths:5)
  An orc warlord (Orc:2)
  A draconian zealot (Depths:5)
  2 reapers
  Louise (D:15)
  10 stone giants
  10 ironheart preservers
  5 entropy weavers
  6 vampire knights
  33 very ugly things
  2 deep elf demonologists (Elf:2)
  A green draconian (Depths:5)
  3 deep elf annihilators
  10 spark wasps
  A halazid warlock (Desolation)
  4 red draconians
  An ettin (shapeshifter) (Vaults:4)
  7 ragged hierophants (Desolation)
  12 fire dragons
  The ghost of Inkary the Cleaver, a journeyman DsGl of Uskayaw (IceCv)
  A crystal guardian (Vaults:3)
  9 ettins
  Fannar (D:10)
  4 deep elf high priests
  Harold (Lair:4)
  3 servants of whispers (Desolation)
  4 rakshasas
  8 yaktaur captains
  4 peacekeepers (Desolation)
  15 great orbs of eyes
  The ghost of Rationalist the Cleaver, a journeyman DsGl of Trog (Lair:3)
  5 vault guards
  10 ice dragons
  24 hydras
  A catoblepas (Lair:4)
  3 ghost crabs
  12 centaur warriors
  34 dancing weapons
  A queen ant (Spider:4)
  7 alligators
  13 ogre magi
  8 death knights
  11 deep troll shamans
  8 death scarabs (Spider:4)
  7 deep troll earth magi
  The ghost of tv1990 the Blocker, a novice FoMo (D:12)
  10 tengu warriors
  A spriggan berserker (Depths:1)
  3 orc high priests
  2 sun demons (Depths:5)
  Nergalle (D:10)
  18 deep elf knights
  Sonja (Lair:4)
  22 hell knights
  11 shadow wraiths
  4 iron trolls
  10 skeletal warriors
  The ghost of Mungo the Covert, a novice SpAs of Okawaru (D:12)
  27 deep trolls
  5 unseen horrors
  A storm dragon skeleton (Depths:4)
  A shambling mangrove (Swamp:1)
  2 flayed ghosts (Depths:3)
  5 wizards
  14 deep elf archers
  6 glowing orange brains
  An unseen horror (shapeshifter) (Elf:3)
  12 swamp dragons
  A glowing orange brain (shapeshifter) (Depths:5)
  11 hill giants
  3 spriggan druids
  4 lindwurms (Lair:3)
  16 orc knights
  19 ironbrand convokers
  4 harpies (Vaults:2)
  2 harpies (shapeshifter)
  6 necromancers
  4 wolf spider zombies
  The ghost of tv1990 the Chopper, a novice FoMo of Okawaru (D:12)
  11 phantasmal warriors
  3 spectral wolf spiders (Spider:4)
  34 wolf spiders
  62 deep elf magi
  9 cyclopes
  7 orc sorcerers
  12 orb spiders
  A fire giant zombie (Vaults:3)
  54 ugly things
  4 moths of wrath
  A tengu skeleton (Depths:4)
  A salamander (shapeshifter) (Depths:4)
  A manticore (D:15)
  A salamander (Depths:4)
  17 elephants
  The ghost of Gekot the Thaumaturge, a novice DEFE of Vehumet (D:7)
  3 guardian serpents (Desolation)
  Maurice (Orc:2)
  2 black mambas
  16 vault sentinels
  2 ice statues (IceCv)
  2 molten gargoyles (Volcano)
  16 spiny frogs
  Psyche (D:10)
  An orange demon (Depths:3)
  3 torpor snails
  5 rime drakes
  A spectral redback (Spider:4)
  5 spectral swamp worms (Depths:1)
  3 komodo dragons (shapeshifter)
  2 rime drakes (shapeshifter)
  11 komodo dragons
  18 demonic crawlers
  8 freezing wraiths
  38 yaktaurs
  3 redback zombies (Spider:4)
  9 ice devils
  7 tengu conjurers
  A tengu simulacrum (Vaults:1)
  2 meliai (shapeshifter)
  13 trolls
  2 tyrant leeches
  A human skeleton (Vaults:3)
  7 polar bears
  49 jumping spiders
  2 spectral tarantellas (Spider:4)
  7 spectral jumping spiders (Spider:4)
  4 jumping spider zombies (Spider:4)
  29 slime creatures
  3 bog bodies
  A shadow dragon simulacrum (Vaults:3)
  24 two-headed ogres
  20 hornets
  3 blink frogs (Lair:6)
  11 hippogriffs
  39 saltlings (Desolation)
  A snapping turtle (shapeshifter) (Depths:4)
  A fire giant simulacrum (Depths:4)
  5 air elementals
  86 redbacks
  30 tarantellas
  27 spriggans
  10 water elementals
  A yak (shapeshifter) (Depths:5)
  3 fire elementals
  2 wyverns
  58 yaks
  7 shadows
  15 wraiths
  2 basilisks (shapeshifter) (Vaults:4)
  2 humans (shapeshifter)
  A steam dragon (D:5)
  3 hogs (D:14)
  24 vampire mosquitoes
  5 basilisks
  2 neqoxecs (Depths:3)
  2 fire bats (Volcano)
  An elf simulacrum (Depths:4)
  2 hungry ghosts
  5 insubstantial wisps (Swamp:2)
  9 wargs
  A mottled dragon (D:15)
  25 swamp worms
  22 soldier ants
  12 water moccasins
  9 porcupines
  A spectral hornet (Spider:4)
  14 swamp drakes
  A floating eye (Elf:3)
  13 ice beasts
  A water moccasin (shapeshifter) (Depths:2)
  50 orc warriors
  4 sky beasts
  A black bear (shapeshifter) (Vaults:3)
  2 eyes of draining
  63 ogres
  4 phantoms
  16 boggarts
  11 black bears
  2 necrophages
  24 wolves
  16 centaurs
  15 crocodiles
  2 big kobolds
  A yaktaur zombie (Vaults:1)
  2 earth elementals (Elf:1)
  2 wyvern zombies (D:14)
  20 bullfrogs
  4 scorpions
  2 human simulacra (Vaults:3)
  4 wights
  4 electric eels
  4 centaur zombies
  6 howler monkeys
  9 crimson imps
  A bullfrog zombie (D:10)
  8 lava snakes (Volcano)
  2 quasits
  4 bullfrog skeletons
  7 hounds
  24 orc priests
  19 orc wizards
  8 jellies
  11 centaur skeletons
  2 iron imps
  Terence (D:2)
  6 iguanas
  31 worker ants
  6 hound skeletons
  Robin (D:2)
  3 worker ant zombies
  5 adders
  3 gnolls (D:8)
  5 shadow imps
  5 white imps
  8 ufetubi
  An adder skeleton (D:9)
  2 worms
  6 dart slugs
  9 leopard geckos
  100 orcs
  12 bats
  4 giant cockroaches
  18 goblins
  14 hobgoblins
  5 jackals
  6 quokkas
  4 frilled lizards
  22 kobolds
  13 rats
  A briar patch (Swamp:1)
  10 fungi
  6 pillars of salt (Vaults:3)
  2 plants (D:8)
2286 creatures vanquished.

Vanquished Creatures (others)
  A fire giant (Depths:5)
  An ironheart preserver (Vaults:3)
  A vampire knight (Depths:4)
  A merfolk javelineer (Depths:5)
  A yaktaur captain (Depths:1)
  3 centaur warriors
  A tengu warrior (Depths:2)
  A deep elf knight (Elf:2)
  An unseen horror (D:14)
  An orc knight (Vaults:3)
  6 deep elf archers
  A wizard (Elf:1)
  An orb spider (Spider:4)
  An ugly thing (Depths:1)
  A cyclops (Vaults:1)
  A rime drake (Swamp:4)
  14 yaktaurs
  A jumping spider (Spider:1)
  A saltling (Desolation)
  A tarantella (Spider:4)
  3 water elementals (Depths:5)
  An orc warrior (Orc:2)
  9 centaurs
  5 white imps (IceCv)
  3 ufetubi (IceCv)
  An orc (Orc:2)
  18 fungi
  2 pillars of salt (Vaults:3)
  20 plants
102 creatures vanquished.

Grand Total: 2388 creatures vanquished

Notes
Turn   | Place    | Note
-------+----------+-------------------------------------------
     0 | D:1      | varam the Gargoyle Fighter began the quest for the Orb.
     0 | D:1      | Reached XP level 1. HP: 14/14 MP: 1/1
   117 | D:1      | Reached XP level 2. HP: 19/19 MP: 2/2
   266 | D:1      | Reached skill level 3 in Maces & Flails
   456 | D:1      | Reached XP level 3. HP: 6/23 MP: 3/3
  1254 | D:2      | Found a faded altar of an unknown god.
  1254 | D:2      | Found an iron altar of Okawaru.
  1272 | D:2      | Found a bloodstained altar of Trog.
  1275 | D:2      | Became a worshipper of Warmaster Okawaru
  1278 | D:2      | Found a faded altar of an unknown god.
  1280 | D:2      | Found a stormy altar of Qazlal.
  1345 | D:2      | Reached skill level 4 in Maces & Flails
  1459 | D:2      | Reached XP level 4. HP: 28/28 MP: 4/4
  1520 | D:2      | Noticed Terence
  1668 | D:2      | Killed Terence
  1844 | D:2      | Noticed Robin
  1990 | D:2      | Reached skill level 5 in Maces & Flails
  1990 | D:2      | Reached XP level 5. HP: 32/32 MP: 5/5
  2018 | D:2      | Killed Robin
  2262 | D:3      | Found a white marble altar of Elyvilon.
  2441 | D:3      | You fall through a shaft for 2 floors!
  2441 | D:5      | Entered Level 5 of the Dungeon
  2585 | D:5      | Noticed an ogre
  2590 | D:5      | Reached skill level 6 in Maces & Flails
  2590 | D:5      | Reached XP level 6. HP: 27/37 MP: 4/6
  2972 | D:3      | Noticed a sky beast
  3021 | D:3      | Killed a sky beast
  3021 | D:3      | Reached * piety under Okawaru
  3050 | D:3      | Gained mutation: Your flesh is cold resistant. (rC+) [mutagenic meat]
  3148 | D:3      | Found a sacrificial altar of Ru.
  3358 | D:3      | Found a deep blue altar of Sif Muna.
  3385 | D:3      | Reached skill level 7 in Maces & Flails
  3584 | D:3      | Reached XP level 7. HP: 34/41 MP: 7/7
  3788 | D:4      | Reached skill level 8 in Maces & Flails
  3796 | D:4      | Got a warped rapier
  3797 | D:4      | Identified the +6 rapier "Tegom" {holy, Str+4} (You found it on level 4 of the Dungeon)
  4314 | D:4      | Reached skill level 4 in Shields
  4340 | D:4      | Reached ** piety under Okawaru
  4406 | D:4      | Reached skill level 5 in Shields
  4418 | D:4      | Reached XP level 8. HP: 33/46 MP: 8/8
  4697 | D:5      | Found Risupnem's Assorted Antiques.
  4880 | D:5      | Reached skill level 6 in Shields
  5140 | D:5      | Reached skill level 7 in Shields
  5246 | D:6      | Reached skill level 8 in Shields
  5289 | D:6      | Noticed Prince Ribbit
  5605 | D:6      | Reached skill level 9 in Shields
  5667 | D:6      | Reached XP level 9. HP: 30/51 MP: 6/9
  5835 | D:6      | Found a blossoming altar of Fedhas.
  5836 | D:6      | Found an ancient bone altar of Kikubaaqudgha.
  5923 | D:6      | Found Piel's Armour Boutique.
  6217 | D:7      | Reached skill level 1 in Dodging
  6266 | D:7      | Reached skill level 4 in Armour
  6322 | D:7      | Noticed Gekot's ghost (novice DEFE)
  6339 | D:7      | Killed Gekot's ghost
  6339 | D:7      | Reached *** piety under Okawaru
  6339 | D:7      | Reached skill level 9 in Maces & Flails
  6339 | D:7      | Reached skill level 2 in Dodging
  6405 | D:7      | Found a staircase to the Ecumenical Temple.
  6438 | D:7      | You fall through a shaft!
  6475 | D:8      | Reached skill level 5 in Armour
  6745 | D:8      | Found a staircase to the Lair.
  7084 | D:8      | Reached skill level 3 in Dodging
  7087 | D:8      | Noticed a hill giant
  7110 | D:8      | Killed a hill giant
  7110 | D:8      | Reached **** piety under Okawaru
  7110 | D:8      | Reached skill level 6 in Armour
  7110 | D:8      | Reached XP level 10. HP: 56/56 MP: 8/10
  7193 | D:8      | Reached skill level 4 in Dodging
  7222 | D:8      | Reached skill level 10 in Maces & Flails
  7852 | D:9      | Reached ***** piety under Okawaru
  7874 | D:9      | Reached skill level 7 in Armour
  7887 | D:9      | Reached skill level 5 in Dodging
  8097 | D:9      | Reached skill level 1 in Invocations
  8576 | D:10     | Entered Level 10 of the Dungeon
  8596 | D:9      | Reached skill level 2 in Invocations
  8653 | D:10     | Noticed Nergalle
  8653 | D:10     | Noticed a hill giant
  8745 | D:10     | Reached XP level 11. HP: 60/60 MP: 11/13
  8756 | D:10     | Reached skill level 8 in Armour
  8764 | D:10     | Noticed Psyche
  8779 | D:10     | Killed Psyche
  8779 | D:10     | Reached skill level 3 in Invocations
  8818 | D:10     | Reached ****** piety under Okawaru
  8831 | D:10     | Killed a hill giant
  8831 | D:10     | Received a gift from Okawaru
  8934 | D:10     | Reached skill level 11 in Maces & Flails
  8958 | D:10     | Noticed a hill giant
  8958 | D:10     | Noticed a four-headed hydra
  8968 | D:10     | Noticed a centaur warrior
  8975 | D:10     | HP: 3/60 [centaur warrior/arrow (9)]
  9448 | D:10     | Reached skill level 6 in Dodging
  9911 | Lair:1   | Entered Level 1 of the Lair of Beasts
  9911 | Lair:1   | Noticed a five-headed hydra
  9932 | Lair:1   | Killed a five-headed hydra
  9932 | Lair:1   | Reached skill level 4 in Fighting
  9932 | Lair:1   | Reached skill level 4 in Invocations
 10319 | D:5      | Bought a jade-encrusted ring mail for 189 gold pieces
 10329 | D:5      | Identified the +2 ring mail of Etsughai {rF+ MR+ rCorr} (You bought it in a shop on level 5 of the Dungeon)
 10555 | D:6      | Bought a +2 pair of gloves for 231 gold pieces
 10687 | Lair:1   | Reached skill level 9 in Armour
 11021 | Lair:1   | Reached skill level 10 in Armour
 11117 | Lair:1   | Received a gift from Okawaru
 11167 | Lair:1   | Reached skill level 5 in Fighting
 11602 | Lair:2   | Noticed a six-headed hydra
 11621 | Lair:2   | Killed a six-headed hydra
 11621 | Lair:2   | Reached skill level 6 in Fighting
 11709 | Lair:2   | Reached skill level 7 in Fighting
 11739 | Lair:2   | Reached XP level 12. HP: 63/72 MP: 15/15
 12057 | Lair:2   | Reached skill level 8 in Fighting
 12282 | Lair:2   | Noticed a five-headed hydra
 12293 | Lair:2   | Killed a five-headed hydra
 12745 | Lair:3   | Reached skill level 9 in Fighting
 13226 | Lair:3   | Received a gift from Okawaru
 13244 | Lair:3   | Reached skill level 12 in Maces & Flails
 13246 | Lair:3   | Got a pitted large shield {god gift}
 13265 | Lair:3   | Got a pitted helmet
 13385 | Lair:3   | Identified the +0 large shield "Rocy" {*Slow Regen+ SInv} (Okawaru gifted it to you on level 3 of the Lair of Beasts)
 13396 | Lair:3   | Identified the cursed +0 helmet of Suycoitas {rPois MR+ Int+4 Dex-4} (You found it on level 3 of the Lair of Beasts)
 13424 | Lair:3   | Identified a +3 rod of inaccuracy (14/14) (You found it on level 3 of the Lair of Beasts)
 13633 | Lair:3   | Noticed Rationalist's ghost (journeyman DsGl)
 13674 | Lair:3   | Killed Rationalist's ghost
 14004 | Lair:4   | Noticed a catoblepas
 14008 | Lair:4   | Noticed Rupert
 14016 | Lair:4   | Killed a catoblepas
 14058 | Lair:5   | Reached skill level 13 in Maces & Flails
 14481 | Lair:4   | Found a hole to the Spider Nest.
 14705 | Lair:4   | Killed Rupert
 14705 | Lair:4   | Reached skill level 14 in Maces & Flails
 14705 | Lair:4   | Reached XP level 13. HP: 80/80 MP: 10/16
 14842 | Lair:4   | Reached skill level 1 in Axes
 14891 | Lair:4   | Noticed Sonja
 14910 | Lair:4   | Killed Sonja
 14910 | Lair:4   | Reached skill level 2 in Axes
 14971 | Lair:4   | Noticed Harold
 14982 | Lair:4   | Killed Harold
 14982 | Lair:4   | Reached skill level 3 in Axes
 15090 | Lair:4   | You fall through a shaft for 2 floors!
 15090 | Lair:6   | Entered Level 6 of the Lair of Beasts
 15171 | Lair:6   | Reached skill level 4 in Axes
 15190 | Lair:6   | Found a dark tunnel.
 15196 | Volcano  | Entered a volcano
 15638 | Volcano  | Found a burning altar of Makhleb.
 15661 | Volcano  | Received a gift from Okawaru
 15671 | Volcano  | Reached skill level 5 in Axes
 15675 | Volcano  | Got a twisted dire flail {god gift}
 15928 | Volcano  | Noticed a red draconian
 15963 | Volcano  | Killed a red draconian
 16330 | Volcano  | Reached skill level 6 in Axes
 16353 | Volcano  | Identified the +1 dire flail "Tukoeto" {flame, *Rage +Inv Str+4} (Okawaru gifted it to you in a volcano)
 16925 | Lair:6   | Received a gift from Okawaru
 17246 | Lair:6   | Reached skill level 7 in Axes
 17284 | Lair:6   | Reached skill level 7 in Dodging
 17847 | Lair:6   | Reached skill level 8 in Axes
 17882 | Lair:6   | Gained mutation: Your large and strong wings let you fly indefinitely. [Gargoyle growth]
 17882 | Lair:6   | Reached XP level 14. HP: 53/86 MP: 13/17
 18807 | Lair:5   | Reached skill level 9 in Axes
 19075 | Lair:5   | Reached skill level 8 in Dodging
 19403 | Lair:5   | Found a staircase to the Slime Pits.
 20057 | Lair:6   | Received a gift from Okawaru
 20093 | Lair:6   | Reached skill level 10 in Axes
 21429 | D:10     | Found a staircase to the Orcish Mines.
 21457 | Orc:1    | Entered Level 1 of the Orcish Mines
 21509 | Orc:2    | Entered Level 2 of the Orcish Mines
 21543 | Orc:2    | Reached skill level 11 in Armour
 21596 | Orc:1    | Found a frozen archway.
 21665 | IceCv    | Entered an ice cave
 21749 | IceCv    | Noticed Inkary's ghost (journeyman DsGl)
 21792 | IceCv    | Killed Inkary's ghost
 22218 | IceCv    | Noticed a reaper
 22234 | IceCv    | Killed a reaper
 22558 | Orc:2    | Noticed an orc warlord
 23126 | Orc:2    | Received a gift from Okawaru
 23176 | Orc:1    | Reached XP level 15. HP: 67/92 MP: 18/18
 23305 | Orc:2    | Killed an orc warlord
 23305 | Orc:2    | Reached skill level 10 in Fighting
 23540 | Orc:2    | Found Powkidwo's Antique Armour Shoppe.
 23807 | Orc:2    | Bought a pair of polished gloves for 332 gold pieces
 23831 | Orc:1    | Identified the cursed +0 pair of gloves "Xomin" {Dex+3} (You bought it in a shop on level 2 of the Orcish Mines)
 23903 | Orc:2    | Learned a level 2 spell: Blink
 24340 | Orc:2    | Found Daigoq's General Store.
 24423 | Orc:2    | Noticed Maurice
 24493 | Orc:2    | Found Redep's Weapon Emporium.
 24544 | Orc:2    | Killed Maurice
 24544 | Orc:2    | Reached skill level 11 in Fighting
 24607 | Orc:2    | Found Wypp's Jewellery Emporium.
 24629 | Orc:2    | Found a staircase to the Elven Halls.
 24839 | Orc:2    | Found Cerap's Antique Weapon Boutique.
 25006 | Orc:2    | Bought a fine scale mail for 315 gold pieces
 25016 | Orc:2    | Identified the +0 scale mail of the Orb Guardian {Str+3 Int+2} (You bought it in a shop on level 2 of the Orcish Mines)
 25073 | Orc:2    | Bought the ring of Lioviac {rF+ MR++} for 646 gold pieces
 25183 | D:10     | Noticed Fannar
 25209 | D:10     | Killed Fannar
 25266 | D:10     | Received a gift from Okawaru
 25414 | D:10     | Killed Nergalle
 26170 | D:11     | Reached skill level 12 in Fighting
 26236 | D:11     | Reached skill level 10 in Shields
 26851 | D:11     | Gained mutation: Your muscles are strong. (Str +2) [mutagenic meat]
 26921 | D:12     | Noticed tv1990's ghost (novice FoMo)
 26932 | D:12     | Killed tv1990's ghost
 27030 | D:12     | Noticed tv1990's ghost (novice FoMo)
 27038 | D:12     | Killed tv1990's ghost
 27088 | D:12     | Noticed Mungo's ghost (novice SpAs)
 27139 | D:12     | Received a gift from Okawaru
 27145 | D:12     | Killed Mungo's ghost
 28574 | D:13     | Reached skill level 11 in Shields
 28738 | D:13     | Found an opulent altar of Gozag.
 28812 | D:13     | Reached skill level 13 in Fighting
 28826 | D:13     | Found a gate to the Vaults.
 28977 | D:13     | Reached XP level 16. HP: 104/104 MP: 19/19
 29544 | D:14     | Noticed Kirke
 29549 | D:14     | Received a gift from Okawaru
 29566 | D:14     | Killed Kirke
 29640 | D:14     | Reached skill level 12 in Shields
 29900 | D:15     | Entered Level 15 of the Dungeon
 29953 | D:15     | Reached skill level 14 in Fighting
 30533 | D:15     | Noticed Louise
 30548 | D:15     | Killed Louise
 30722 | D:15     | Noticed Roxanne
 31041 | D:15     | Reached skill level 13 in Shields
 31044 | D:15     | Found a staircase to the Depths.
 31185 | D:15     | Found a bloodstained altar of Trog.
 31291 | D:15     | Killed Roxanne
 31299 | D:15     | Identified Roxanne's Papyrus of Moulding (You took it off Roxanne on level 15 of the Dungeon)
 32028 | Lair:4   | Received a gift from Okawaru
 32032 | Lair:4   | Reached skill level 15 in Fighting
 32038 | Lair:4   | Got a sapphire morningstar {god gift}
 32044 | Lair:4   | Identified the +1 morningstar of Fukuusik {speed, rN+} (Okawaru gifted it to you on level 4 of the Lair of Beasts)
 32400 | Lair:4   | Found a staircase to the Swamp.
 32415 | Swamp:1  | Entered Level 1 of the Swamp
 32598 | Swamp:1  | Noticed a thorn hunter
 32657 | Swamp:1  | Killed a thorn hunter
 32657 | Swamp:1  | Reached XP level 17. HP: 95/113 MP: 20/20
 32658 | Swamp:1  | Upgraded the game from 0.19-b1-4-gd8a0a2a to 0.19-b1-5-gdc9fa9d
 32681 | Swamp:1  | Got a shimmering bardiche
 32814 | Swamp:1  | Reached skill level 14 in Shields
 33907 | Swamp:2  | Got a jewelled battleaxe
 33908 | Swamp:2  | Identified the +1 battleaxe of the Median {speed, rC+ Dex+4} (You found it on level 2 of the Swamp)
 34382 | Swamp:3  | Reached skill level 15 in Shields
 34403 | Swamp:3  | Noticed murphy's ghost (adept CeHu)
 34516 | Swamp:3  | Killed murphy's ghost
 34743 | Swamp:3  | Noticed Jorgrun
 34758 | Swamp:3  | Killed Jorgrun
 34758 | Swamp:3  | Received a gift from Okawaru
 34758 | Swamp:3  | Reached skill level 12 in Armour
 35100 | Swamp:4  | Entered Level 4 of the Swamp
 35789 | Swamp:4  | Noticed Nikola
 35808 | Swamp:4  | Killed Nikola
 35808 | Swamp:4  | Reached skill level 13 in Armour
 36422 | Swamp:4  | Reached skill level 14 in Armour
 36899 | Swamp:4  | Got a decaying rune of Zot
 37218 | Lair:4   | Received a gift from Okawaru
 37222 | Spider:1 | Entered Level 1 of the Spider Nest
 37346 | Spider:1 | Reached XP level 18. HP: 119/119 MP: 21/21
 37364 | Spider:1 | Reached skill level 15 in Armour
 37547 | Spider:1 | Learned a level 2 spell: Repel Missiles
 37557 | Spider:1 | Got a pair of heavily runed boots
 37575 | Spider:1 | Identified the +0 pair of boots "Wizirump" {rF- Str+5 Dex+3} (You found it on level 1 of the Spider Nest)
 37582 | Spider:1 | Reached skill level 9 in Dodging
 37779 | D:8      | Gained mutation: You are dopey. (Int -2) [potion of mutation]
 37779 | D:8      | Gained mutation: Your flesh is very cold resistant. (rC++) [potion of mutation]
 38783 | Spider:2 | Noticed Arachne
 38814 | Spider:2 | Killed Arachne
 38814 | Spider:2 | Reached skill level 10 in Dodging
 38822 | Spider:2 | Noticed Cokeysmoke's ghost (adept MiGl)
 39273 | Spider:2 | Killed Cokeysmoke's ghost
 39549 | Spider:2 | Received a gift from Okawaru
 40271 | Spider:3 | Reached skill level 11 in Dodging
 41074 | Spider:4 | Entered Level 4 of the Spider Nest
 41182 | Spider:4 | Reached skill level 12 in Dodging
 41536 | Spider:4 | Noticed Bai Suzhen
 41847 | Spider:4 | Killed Bai Suzhen
 41847 | Spider:4 | Reached XP level 19. HP: 87/124 MP: 19/22
 42364 | Spider:4 | Received a gift from Okawaru
 42365 | Spider:4 | Reached skill level 13 in Dodging
 42427 | Spider:4 | Lost mutation: Your muscles are strong. (Str +2) [potion of mutation]
 42427 | Spider:4 | Gained mutation: You are very dopey. (Int -4) [potion of mutation]
 42428 | Spider:4 | Gained mutation: Your flesh is heat resistant. (rF+) [potion of mutation]
 42428 | Spider:4 | Gained mutation: Your magical capacity is low. (-10% MP) [potion of mutation]
 42428 | Spider:4 | Gained mutation: You have sharp toenails. [potion of mutation]
 43157 | Spider:4 | Received a gift from Okawaru
 43259 | Spider:4 | Reached skill level 14 in Dodging
 43366 | Spider:4 | Got a gossamer rune of Zot
 43802 | Vaults:1 | Entered Level 1 of the Vaults
 43910 | Vaults:1 | Lost mutation: Your flesh is heat resistant. (rF+) [mutagenic meat]
 43911 | Vaults:1 | Gained mutation: You have a somewhat thin skeletal structure. (Dex +2, Stealth) [mutagenic meat]
 43913 | Vaults:1 | Gained mutation: You have a pair of small horns on your head. [mutagenic meat]
 44062 | Vaults:1 | Reached skill level 1 in Evocations
 44102 | Vaults:1 | Reached skill level 5 in Invocations
 44114 | Vaults:1 | Reached skill level 2 in Evocations
 44360 | Vaults:1 | Found Kipsallu's Magic Scroll Emporium.
 44625 | Vaults:1 | Reached skill level 3 in Evocations
 44629 | Vaults:1 | Found Rulu's Jewellery Shoppe.
 44632 | Vaults:1 | Received a gift from Okawaru
 44632 | Vaults:1 | Reached skill level 6 in Invocations
 44663 | Vaults:1 | Reached XP level 20. HP: 86/129 MP: 22/22
 44882 | Vaults:1 | Found a portal to a secret trove of treasure.
 45212 | Vaults:1 | Found Taop's Magic Scroll Emporium.
 45220 | Vaults:1 | Bought a scroll of enchant weapon for 105 gold pieces
 45254 | Vaults:1 | Reached skill level 4 in Evocations
 45364 | Vaults:1 | Reached skill level 7 in Invocations
 45715 | Vaults:2 | Reached skill level 5 in Evocations
 45761 | Vaults:2 | Noticed a bone dragon
 45763 | Vaults:2 | Found a staircase to the Crypt.
 45779 | Vaults:2 | Killed a bone dragon
 45779 | Vaults:2 | Reached skill level 8 in Invocations
 45989 | Vaults:2 | Received a gift from Okawaru
 46056 | Vaults:2 | Reached skill level 6 in Evocations
 46063 | Vaults:2 | Reached skill level 9 in Invocations
 46387 | Vaults:2 | Got a heavily runed lapis lazuli ring
 46748 | Vaults:3 | Found a flickering gateway to a bazaar.
 46770 | Bazaar   | Entered a bazaar
 46770 | Bazaar   | Found Zathom's Antique Weapon Boutique.
 46770 | Bazaar   | Found Laekalic's General Store.
 46770 | Bazaar   | Found Wus Quz's Assorted Antiques.
 46770 | Bazaar   | Found Feomeshru's Assorted Antiques.
 46770 | Bazaar   | Found Ymonuab's Jewellery Boutique.
 46770 | Bazaar   | Found Umugorys's Book Boutique.
 46791 | Bazaar   | Bought 2 potions of berserk rage for 140 gold pieces
 46791 | Bazaar   | Bought a scroll of enchant weapon for 105 gold pieces
 46793 | Bazaar   | Bought a scroll of magic mapping for 105 gold pieces
 46795 | Bazaar   | Bought a book of Battle for 640 gold pieces
 46799 | Bazaar   | Bought the ring "Kechez" {rCorr Str+4 SInv} for 316 gold pieces
 46801 | Bazaar   | Bought a potion of magic for 168 gold pieces
 46810 | Vaults:3 | Found a ruined gateway.
 46819 | Desolati | Entered the Desolation of Salt
 46846 | Desolati | Reached skill level 7 in Evocations
 46875 | Desolati | Reached skill level 10 in Invocations
 46885 | Desolati | Identified the cursed ring "Kaadi" {rPois rN+++ AC-3 Int-5 Slay-3} (You took it off an ironbrand convoker on level 2 of the Vaults)
 46903 | Desolati | Identified the Catalogue of Ashen Self-Knowledge
 46905 | Desolati | Identified Sif Muna's Disquisition on Dislocated Darkness
 47008 | Desolati | Gained mutation: You regenerate slowly when monsters are visible. [mutagenic meat]
 47069 | Desolati | Reached skill level 8 in Evocations
 47097 | Desolati | Lost mutation: You are very dopey. (Int -4) [mutagenic meat]
 47098 | Desolati | Gained mutation: You occasionally shout uncontrollably at your foes. [mutagenic meat]
 47099 | Desolati | Gained mutation: Scrolls take you a little longer to read. [mutagenic meat]
 47132 | Desolati | Got a slimy war axe
 47133 | Desolati | Identified the +5 war axe "Hujud" {chop, Dex+3} (You found it in the Desolation of Salt)
 47146 | Desolati | Identified Sorraz's Tome of Sinister Protection
 47207 | Desolati | Got a sparkling golden amulet
 47561 | Desolati | Received a gift from Okawaru
 47698 | Desolati | Reached skill level 9 in Evocations
 47871 | Desolati | Identified the Collected Works on Arcane Weapons and the Arsonist
 47884 | Desolati | Got a slimy steel ring
 47893 | Desolati | Identified the ring "Obroih" {rF++ Int+3 Dex-4} (You took it off a ragged hierophant in the Desolation of Salt)
 47896 | Desolati | Identified the amulet of the Neverending Beds {Harm *Drain Dex+6} (You found it in the Desolation of Salt)
 48044 | Vaults:3 | Learned a level 2 spell: Song of Slaying
 48107 | Vaults:3 | Reached skill level 1 in Charms
 48112 | Vaults:3 | Reached XP level 21. HP: 105/135 MP: 25/25
 48145 | Vaults:3 | Identified a scroll of acquirement
 48320 | Vaults:3 | Reached skill level 1 in Translocations
 48423 | Vaults:3 | Reached skill level 2 in Translocations
 48445 | Vaults:3 | Lost mutation: Your magical capacity is low. (-10% MP) [mutagenic meat]
 48449 | Vaults:3 | Gained mutation: Scrolls take you longer to read. [mutagenic meat]
 48455 | Vaults:3 | Lost mutation: You have a pair of small horns on your head. [mutagenic meat]
 48479 | Vaults:3 | Gained mutation: You are frail. (-10% HP) [mutagenic meat]
 48480 | Vaults:3 | Lost mutation: Scrolls take you longer to read. [mutagenic meat]
 48481 | Vaults:3 | Gained mutation: You have a pair of small horns on your head. [mutagenic meat]
 48520 | Vaults:3 | Reached skill level 3 in Translocations
 48531 | Vaults:3 | Reached skill level 16 in Fighting
 48927 | Vaults:3 | Reached skill level 4 in Translocations
 49042 | Vaults:3 | Lost mutation: You are frail. (-10% HP) [mutagenic meat]
 49043 | Vaults:3 | Gained mutation: You are covered in fur. (AC +1) [mutagenic meat]
 49318 | Vaults:3 | Reached skill level 5 in Translocations
 49509 | Vaults:3 | Received a gift from Okawaru
 49524 | Vaults:3 | Got a smoking cloak {god gift}
 49535 | Vaults:3 | Identified the -6 cloak of Utzyn {rF+ Dex+3} (Okawaru gifted it to you on level 3 of the Vaults)
 49786 | Vaults:3 | Reached skill level 6 in Translocations
 50082 | Vaults:4 | Reached skill level 17 in Fighting
 50350 | Vaults:4 | Noticed Boris
 50574 | Vaults:4 | Killed Boris
 50796 | Vaults:4 | Reached skill level 18 in Fighting
 50825 | Vaults:4 | Gained mutation: You are robust. (+10% HP) [mutagenic meat]
 50826 | Vaults:4 | Gained mutation: You possess an exceptional clarity of mind. [mutagenic meat]
 50827 | Vaults:4 | Lost mutation: You are robust. (+10% HP) [mutagenic meat]
 50828 | Vaults:4 | Lost mutation: You occasionally shout uncontrollably at your foes. [mutagenic meat]
 50829 | Vaults:4 | Lost mutation: You are covered in fur. (AC +1) [mutagenic meat]
 50831 | Vaults:4 | Gained mutation: You have razor-sharp toenails. [mutagenic meat]
 50834 | Vaults:4 | Gained mutation: You evolve. [mutagenic meat]
 50835 | Vaults:4 | Lost mutation: Scrolls take you a little longer to read. [mutagenic meat]
 50856 | Vaults:4 | Reached XP level 22. HP: 55/147 MP: 21/29
 51143 | Vaults:4 | Noticed Donald
 51169 | Vaults:4 | Killed Donald
 51171 | Vaults:4 | Received a gift from Okawaru
 51176 | Vaults:4 | Got a polished cloak {god gift}
 51187 | Vaults:4 | Identified the -3 cloak "Pawov" {rN+ Regen+} (Okawaru gifted it to you on level 4 of the Vaults)
 51336 | Vaults:4 | Lost mutation: You possess an exceptional clarity of mind. [mutagenic meat]
 51338 | Vaults:4 | Gained mutation: You have a moderately thin skeletal structure. (Dex +4, Stealth+) [mutagenic meat]
 51339 | Vaults:4 | Gained mutation: You rapidly evolve. [mutagenic meat]
 51434 | Vaults:4 | Gained mutation: You are weak. (Str -2) [mutagenic meat]
 51436 | Vaults:4 | Gained mutation: Scrolls take you a little longer to read. [mutagenic meat]
 51437 | Vaults:4 | Lost mutation: You have razor-sharp toenails. [mutagenic meat]
 51453 | Vaults:4 | Lost mutation: You regenerate slowly when monsters are visible. [mutagenic meat]
 51454 | Vaults:4 | Gained mutation: You expend magic power (3 MP) to strengthen your wands. [mutagenic meat]
 51553 | Vaults:4 | Lost mutation: You have sharp toenails. [mutagenic meat]
 51688 | Vaults:4 | Gained mutation: You are very weak. (Str -4) [mutagenic meat]
 51689 | Vaults:4 | Lost mutation: You are dopey. (Int -2) [mutagenic meat]
 51690 | Vaults:4 | Gained mutation: You are partially covered in thin metallic scales. (AC +2) [mutagenic meat]
 51718 | Vaults:4 | Identified the Handbook of Unholy Summoning
 51963 | Vaults:4 | Lost mutation: You expend magic power (3 MP) to strengthen your wands. [mutagenic meat]
 51964 | Vaults:4 | Gained mutation: Your natural rate of healing is unusually fast. [mutagenic meat]
 52092 | Vaults:4 | Reached skill level 19 in Fighting
 52508 | Depths:1 | Entered Level 1 of the Depths
 52508 | Depths:1 | Noticed Sojobo
 52551 | Depths:1 | Noticed Asterion
 52576 | D:15     | Killed Sojobo
 52576 | D:15     | Reached skill level 16 in Shields
 52668 | Depths:1 | Killed Asterion
 53142 | Depths:1 | Noticed Aizul
 53163 | Depths:1 | Killed Aizul
 53170 | Depths:1 | Lost mutation: Scrolls take you a little longer to read. [mutagenic meat]
 53230 | Depths:1 | Found a gateway to Hell.
 53298 | Depths:1 | Found Ycipsoun's Antique Weapon Shoppe.
 53399 | Depths:1 | Found a snail-covered altar of Cheibriados.
 53841 | Depths:2 | Gained mutation: You can translocate small distances at will. [evolution]
 53906 | Depths:2 | Received a gift from Okawaru
 54053 | Depths:2 | Reached skill level 17 in Shields
 54199 | Depths:2 | Found a gateway to a ziggurat.
 54217 | Depths:2 | Reached skill level 20 in Fighting
 54417 | Depths:2 | Reached XP level 23. HP: 140/156 MP: 28/30
 54626 | Depths:2 | Reached skill level 15 in Dodging
 55002 | Depths:3 | Noticed Margery
 55016 | Depths:3 | Received a gift from Okawaru
 55023 | Depths:3 | Killed Margery
 55629 | Depths:3 | Reached skill level 11 in Axes
 55694 | Depths:3 | Reached skill level 16 in Dodging
 55830 | Depths:3 | Noticed Jory
 55839 | Depths:3 | Killed Jory
 55859 | Depths:3 | Received a gift from Okawaru
 55871 | Depths:3 | Got a dazzling chain mail {god gift}
 55882 | Depths:3 | Identified the +2 chain mail of Goit {Dex+3} (Okawaru gifted it to you on level 3 of the Depths)
 55942 | Depths:3 | Reached skill level 12 in Axes
 56457 | Depths:3 | Found a one-way gate leading to the halls of Pandemonium.
 56660 | Depths:4 | Reached skill level 13 in Axes
 56962 | Depths:4 | Reached XP level 24. HP: 159/163 MP: 30/30
 57030 | Depths:4 | Noticed a caustic shrike
 57043 | Depths:4 | Reached skill level 14 in Axes
 57048 | Depths:4 | Killed a caustic shrike
 57255 | Depths:4 | Received a gift from Okawaru
 57255 | Depths:4 | Reached skill level 17 in Dodging
 57326 | Depths:4 | Found a one-way gate to the infinite horrors of the Abyss.
 57456 | Depths:4 | Noticed a caustic shrike
 57475 | Depths:4 | Killed a caustic shrike
 57475 | Depths:4 | Reached skill level 15 in Axes
 57995 | Depths:5 | Entered Level 5 of the Depths
 57997 | Depths:5 | Noticed Mennas
 58079 | Depths:4 | Killed Mennas
 58103 | Depths:5 | Noticed a juggernaut
 58126 | Depths:4 | Killed a juggernaut
 58126 | Depths:4 | Received a gift from Okawaru
 58163 | Depths:5 | Noticed Frederick
 58423 | Depths:5 | Killed Frederick
 58423 | Depths:5 | Reached skill level 16 in Axes
 58811 | Depths:5 | Got a jewelled plate armour
 58845 | Depths:5 | Identified the +1 plate armour of Uvuacs {+Inv rN+ rCorr Str-2 Slay+3} (You found it on level 5 of the Depths)
 58991 | Depths:5 | Received a gift from Okawaru
 59256 | Depths:5 | Received a gift from Okawaru
 59288 | Depths:5 | Got a distressingly furry chain mail {god gift}
 59348 | Depths:5 | Reached skill level 18 in Dodging
 59373 | Depths:5 | Reached XP level 25. HP: 158/168 MP: 30/30
 59413 | Depths:5 | Noticed Boris
 59442 | Depths:5 | Killed Boris
 59851 | Depths:5 | Reached skill level 17 in Axes
 59885 | Depths:5 | Found a gate to the Realm of Zot.
 59956 | Depths:5 | Identified the +10 chain mail "Esaqo" {rC++ Int+4} (Okawaru gifted it to you on level 5 of the Depths)
 60474 | Depths:1 | Reached skill level 2 in Charms
 61117 | Elf:1    | Entered Level 1 of the Elven Halls
 61239 | Elf:1    | Got a polished plate armour
 61255 | Elf:1    | Identified the +9 plate armour "Damneh" {Regen+ Int+3 Slay+4} (You acquired it on level 1 of the Elven Halls)
 61573 | Elf:1    | Reached skill level 3 in Charms
 61793 | Elf:1    | Reached skill level 4 in Charms
 61856 | Elf:1    | Received a gift from Okawaru
 61976 | Elf:1    | Reached skill level 5 in Charms
 62161 | D:8      | Gained mutation: You are resistant to hostile enchantments. (MR+) [mutagenic meat]
 62277 | D:3      | Identified Sif Muna's Catalogue of Indemnity
 62359 | D:5      | Bought a blackened book for 315 gold pieces
 62359 | D:5      | Identified Rivat's Volume of Shifting Cold (You bought it in a shop on level 5 of the Dungeon)
 62609 | Elf:1    | Found Zujoshu's Jewellery Shoppe.
 62610 | Elf:1    | Found Osuvom's Gadget Shop.
 62612 | Elf:1    | Found Hicerio's Jewellery Shoppe.
 62728 | Elf:1    | Lost mutation: You have a pair of small horns on your head. [potion of mutation]
 62974 | Elf:2    | Reached skill level 6 in Charms
 63012 | Elf:2    | Found a runed gate.
 63014 | Elf:2    | Found a runed gate.
 63014 | Elf:2    | Found a runed gate.
 63490 | Elf:2    | Reached skill level 7 in Charms
 63664 | Elf:2    | Reached skill level 8 in Charms
 64029 | Elf:3    | Entered Level 3 of the Elven Halls
 64781 | Elf:3    | Lost mutation: You have a moderately thin skeletal structure. (Dex +4, Stealth+) [evolution]
 64812 | Elf:3    | Reached skill level 9 in Charms
 64945 | Elf:3    | Received a gift from Okawaru
 64948 | Elf:3    | Got a distressingly furry cloak {god gift}
 64973 | Elf:3    | Identified the +1 cloak of the Sunfish {rElec Str+2} (Okawaru gifted it to you on level 3 of the Elven Halls)
 65026 | Elf:3    | Reached XP level 26. HP: 174/174 MP: 29/30
 65033 | Elf:3    | Paralysed by a floating eye for 3 turns
 65042 | Elf:3    | Paralysed by a floating eye for 2 turns
 65213 | Elf:3    | Reached skill level 10 in Charms
 65276 | Elf:3    | Killed from afar by a deep elf sorcerer

Skill      XL: |  1  2  3  4  5  6  7  8  9 10 11 12 13 14 15 16 17 18 19 20 21 22 23 24 25 26 |
---------------+-------------------------------------------------------------------------------+-----
Maces & Flails | 3 4 5 6 7 8 9 10 11 14 | 14.8
Shields        | 5 9 11 13 15 17 | 17.0
Dodging        | 3 5 6 7 8 12 14 16 18 | 18.7
Armour         | 6 7 10 11 14 15 | 15.5
Invocations    | 2 4 6 10 | 10.0
Fighting       | 7 9 13 15 18 20 | 20.0
Axes           | 8 10 13 16 17 | 17.0
Evocations     | 3 9 |  9.6
Charms         | 1 9 10 | 10.0
Translocations | 6 |  6.5

Action                   |  1- 3 |  4- 6 |  7- 9 | 10-12 | 13-15 | 16-18 | 19-21 | 22-24 | 25-27 || total
-------------------------+-------+-------+-------+-------+-------+-------+-------+-------+-------++-------
Melee: Flail             |   153 |   298 |   380 |       |       |       |       |       |       ||   831
       Whip              |       |       |   118 |  1120 |  1636 |       |       |       |       ||  2874
       Eveningstar       |       |       |       |    40 |   436 |   538 |   322 |   637 |   303 ||  2276
       Staff             |       |       |       |     6 |       |       |       |       |       ||     6
       Great mace        |       |       |       |       |    19 |       |       |       |       ||    19
       Broad axe         |       |       |       |       |   385 |   702 |  1270 |  1264 |   453 ||  4074
       Morningstar       |       |       |       |       |       |   773 |    87 |    10 |       ||   870
       Headbutt          |       |       |       |       |       |       |   527 |   616 |   128 ||  1271
Invok: Heroism           |       |       |    11 |    16 |    55 |    28 |    21 |    22 |     9 ||   162
       Finesse           |       |       |       |     3 |    11 |     4 |     5 |    10 |     3 ||    36
 Abil: Evoke Flight      |       |       |       |     2 |       |       |       |       |       ||     2
       Evoke Berserk Rag |       |       |       |     1 |       |       |       |       |       ||     1
       Fly               |       |       |       |       |     1 |       |       |       |       ||     1
       Blink             |       |       |       |       |       |       |       |     1 |       ||     1
       Evoke Fog         |       |       |       |       |       |       |       |       |     1 ||     1
  Use: Scroll            |       |       |       |    19 |    16 |    12 |    18 |     9 |     5 ||    79
       Potion            |       |       |       |     2 |     7 |     3 |     2 |     2 |     1 ||    17
 Stab: Invisible         |       |       |       |       |    18 |       |       |       |       ||    18
       Sleeping          |       |       |       |       |       |       |    11 |     3 |       ||    14
       Held in net/web   |       |       |       |       |       |       |     3 |       |       ||     3
       Distracted        |       |       |       |       |       |       |       |     6 |     1 ||     7
  Eat: Chunk             |     2 |     9 |    11 |    23 |    31 |    37 |    62 |    62 |    17 ||   254
       Fruit             |       |       |       |     4 |     8 |     6 |     1 |       |     4 ||    23
       Beef jerky        |       |       |       |       |     1 |       |       |       |       ||     1
       Bread ration      |       |       |       |       |     2 |       |       |       |       ||     2
       Pizza             |       |       |       |       |     1 |       |     1 |       |       ||     2
Armor: Scale mail        |   104 |   167 |   176 |   148 |    71 |       |       |       |       ||   666
       Ring mail         |       |       |       |   214 |   678 |   665 |   302 |    51 |       ||  1910
       Ice dragon scales |       |       |       |       |       |       |       |   325 |    21 ||   346
       Fire dragon scale |       |       |       |       |       |       |       |     1 |       ||     1
       Plate armour      |       |       |       |       |       |       |       |       |    97 ||    97
       Chain mail        |       |       |       |       |       |       |       |       |    19 ||    19
Dodge: Dodged            |    58 |    78 |   113 |   317 |   854 |   951 |   729 |   639 |   151 ||  3890
Block: Shield            |    86 |   149 |   197 |   470 |  1132 |  2051 |  1830 |  1638 |   567 ||  8120
       Other             |       |       |       |       |    24 |     3 |       |       |       ||    27
       Reflection        |       |       |       |       |    15 |    32 |   100 |   130 |    74 ||   351
       Large shield      |       |       |       |       |       |       |       |   231 |     2 ||   233
       Rpst.: Broad axe  |       |       |       |       |       |       |    12 |    59 |    17 ||    88
       Eveningstar       |       |       |       |       |       |       |     3 |    27 |    17 ||    47
